[Event "FIDE World Cadets GU10 2022"]
[Site "Batumi"]
[Date "2022.09.16"]
[Round "1"]
[White "Li, Iris"]
[Black "Grigalashvili, Mariam"]
[Result "1-0"]
[ECO "C10"]
[WhiteElo "1651"]
[BlackElo "1165"]
[Annotator "NA COMBH"]
[PlyCount "167"]
[EventDate "2022.09.16"]
[EventType "swiss"]
[EventCountry "GEO"]
[SourceTitle "playchess.com"]
[Source "ChessBase"]
[SourceQuality "1"]
[TimeControl "5400+30"]

1. e4 e6 2. d4 d5 3. Nc3 dxe4 4. Nxe4 Bd7 5. Nf3 Bc6 6. Bd3 Nd7 7. c3 Ngf6 8. Nxf6+ Nxf6 9. O-O Bxf3 10. Qxf3 c6 11. Re1 Be7 12. Bf4 Nd5 13. Bg3 O-O 14. Rad1 Bf6 15. Be5 Bxe5 16. dxe5 Qe7 17. Qh5 g6 18. Qh6 Rfd8 19. h4 Qf8 20. Qg5 h6 21. Qg3 h5 22. a3 Qg7 23. Qg5 Re8 24. g4 hxg4 25. Qxg4 Qh6 26. Kh2 Qf4+ 27. Qg3 Qxg3+ 28. Kxg3 Rad8 29. Rg1 Ne7 30. h5 Nf5+ 31. Kh3 Kg7 32. Bxf5 exf5 33. hxg6 fxg6 34. f4 Kf7 35. Kg3 Rh8 36. Rd4 c5 37. Rdd1 b6 38. b4 Rhe8 39. Kf2 Rh8 40. bxc5 bxc5 41. Kg2 Rhe8 42. Rh1 Kg7 43. Kf3 Rf8 44. Ke3 Rfe8 45. c4 Rxd1 46. Rxd1 Re7 47. Rd5 Rc7 48. Kd3 Kf7 49. Kc3 Ke6 50. Kb3 Rc6 51. Ka4 Ra6+ 52. Kb5 Rxa3 53. Rd6+ Kf7 54. Kxc5 Rf3 55. Rd4 Ke6 56. Kc6 a5 57. Kb5 Ra3 58. Rd6+ Kf7 59. Ra6 Rf3 60. c5 Rxf4 61. c6 Rf1 62. c7 Rc1 63. Rc6 Rb1+ 64. Kxa5 Ra1+ 65. Kb4 Rb1+ 66. Ka3 Ra1+ 67. Kb2 Ra8 68. c8=Q Rxc8 69. Rxc8 Ke6 70. Rc5 f4 71. Kc3 f3 72. Kd3 g5 73. Ke4 g4 74. Rc6+ Kd7 75. Rf6 Ke7 76. Kf4 f2 77. Kxg4 Kd7 78. Rxf2 Ke6 79. Rf5 Ke7 80. Rf6 Ke8 81. Kf5 Kd8 82. Ke6 Ke8 83. Kd6 Kd8 84. Rf8# 1-0

[Event "FIDE World Cadets GU10 2022"]
[Site "Batumi"]
[Date "2022.09.16"]
[Round "1"]
[White "Fang, Arabella"]
[Black "Maliush, Alisa"]
[Result "1-0"]
[ECO "C43"]
[WhiteElo "1505"]
[BlackElo "1159"]
[Annotator "NA COMBH"]
[PlyCount "81"]
[EventDate "2022.09.16"]
[EventType "swiss"]
[EventCountry "GEO"]
[SourceTitle "playchess.com"]
[Source "ChessBase"]
[SourceQuality "1"]
[TimeControl "5400+30"]

1. e4 e5 2. Nf3 Nf6 3. d4 Nxe4 4. Nxe5 d5 5. Bd3 Nf6 6. O-O Be7 7. Re1 O-O 8. Bf4 Nbd7 9. Nxd7 Bxd7 10. Bxc7 Qxc7 11. Rxe7 Qd6 12. Re1 Qb4 13. Nc3 Qxb2 14. Qd2 Rac8 15. Ne2 Qb6 16. Rab1 Qc7 17. Qf4 Qxf4 18. Nxf4 b6 19. Re5 Bc6 20. Re7 Ra8 21. Ba6 Rfe8 22. Rc7 Re4 23. g3 Ba4 24. Rb4 Be8 25. h4 Re1+ 26. Kg2 Ra1 27. Rb2 Rd1 28. Nd3 Bd7 29. Rb3 h6 30. Ra3 Bf5 31. f3 Rd2+ 32. Kf1 Bh3+ 33. Ke1 Rg2 34. g4 Re8+ 35. Ne5 Nh7 36. Bb5 Re6 37. Raxa7 h5 38. Rxf7 hxg4 39. Ra8+ Nf8 40. Rfxf8+ Kh7 41. Rh8# 1-0

[Event "FIDE World Cadets GU10 2022"]
[Site "Batumi"]
[Date "2022.09.16"]
[Round "1"]
[White "Mirzakhani, Bahar"]
[Black "Gaer, Sofiya Ig"]
[Result "1-0"]
[ECO "C06"]
[WhiteElo "1461"]
[BlackElo "1157"]
[Annotator "NA COMBH"]
[PlyCount "79"]
[EventDate "2022.09.16"]
[EventType "swiss"]
[EventCountry "GEO"]
[SourceTitle "playchess.com"]
[Source "ChessBase"]
[SourceQuality "1"]
[TimeControl "5400+30"]

1. e4 e6 2. d4 d5 3. Nd2 Nf6 4. e5 Nfd7 5. Bd3 c5 6. c3 Nc6 7. Ne2 Be7 8. O-O O-O 9. Kh1 f6 10. f4 c4 11. Bc2 b5 12. Ng3 a5 13. Nf3 f5 14. Bd2 b4 15. Qe2 h6 16. Qf2 Ba6 17. Rfe1 Qb6 18. Ba4 Bb5 19. Bd1 a4 20. Nh5 Kh8 21. Nh4 Bxh4 22. Qxh4 b3 23. a3 Rae8 24. Re3 Rg8 25. Nf6 Nxf6 26. exf6 Kh7 27. f7 Ref8 28. fxg8=Q+ Rxg8 29. Rxe6 Qc7 30. Bf3 Qd7 31. Rae1 Ba6 32. g4 fxg4 33. Bxg4 Bc8 34. Bf5+ g6 35. Re7+ Nxe7 36. Bxd7 Bxd7 37. Rxe7+ Rg7 38. Rxg7+ Kxg7 39. Kg1 Kh7 40. Qe7+ 1-0

[Event "FIDE World Cadets GU10 2022"]
[Site "Batumi"]
[Date "2022.09.16"]
[Round "1"]
[White "Sunea, Sara Maria"]
[Black "Baruch, Amit"]
[Result "0-1"]
[ECO "C45"]
[WhiteElo "1440"]
[BlackElo "1153"]
[Annotator "NA COMBH"]
[PlyCount "148"]
[EventDate "2022.09.16"]
[EventType "swiss"]
[EventCountry "GEO"]
[SourceTitle "playchess.com"]
[Source "ChessBase"]
[SourceQuality "1"]
[TimeControl "5400+30"]

1. e4 e5 2. Nf3 Nc6 3. d4 exd4 4. Nxd4 Qh4 5. Nb5 Bc5 6. Qe2 Bb6 7. Be3 Ba5+ 8. c3 a6 9. Nd4 Nge7 10. Nd2 O-O 11. g3 Qf6 12. Bg2 b5 13. O-O Bb7 14. e5 Qxe5 15. f4 Qd6 16. Ne4 Nxd4 17. Bxd4 Qe6 18. Qc2 Qg6 19. Rae1 Rae8 20. Qf2 f5 21. Nc5 Bc8 22. Nd3 d6 23. b4 Bxb4 24. cxb4 Bd7 25. Qc2 c6 26. Nf2 Qf7 27. Qb3 Qxb3 28. axb3 Ng6 29. Ra1 Ra8 30. Rfc1 Rfc8 31. Rc2 Ne7 32. Rca2 Be6 33. Rxa6 Rxa6 34. Rxa6 Bxb3 35. Ra7 Re8 36. Rd7 Bc4 37. Bf1 d5 38. Be5 Kf8 39. Bd6 h6 40. Bd3 g6 41. g4 Bxd3 42. Nxd3 fxg4 43. Ne5 d4 44. Nxg6+ Kf7 45. Nxe7 Ke6 46. Ra7 Kxd6 47. Nf5+ Kd5 48. Rd7+ Ke6 49. Rxd4 Kxf5 50. Rd6 Re6 51. Rd4 h5 52. Kg2 h4 53. Kf2 Re4 54. Rd6 Rxf4+ 55. Kg2 Rxb4 56. Rxc6 Rb2+ 57. Kg1 g3 58. hxg3 hxg3 59. Rc5+ Ke4 60. Rg5 g2 61. Rg8 b4 62. Re8+ Kf3 63. Rf8+ Ke4 64. Re8+ Kd5 65. Rd8+ Kc6 66. Rc8+ Kd7 67. Rc4 b3 68. Rd4+ Ke6 69. Re4+ Kd5 70. Re8 Rc2 71. Rd8+ Ke6 72. Re8+ Kd7 73. Re1 b2 74. Kh2 Rc1 0-1

[Event "FIDE World Cadets GU10 2022"]
[Site "Batumi"]
[Date "2022.09.16"]
[Round "1"]
[White "Xu, Luna Yuexiu"]
[Black "Dumitru, Rucsandra Sofia"]
[Result "1-0"]
[ECO "B43"]
[WhiteElo "1421"]
[BlackElo "1151"]
[Annotator "NA COMBH"]
[PlyCount "122"]
[EventDate "2022.09.16"]
[EventType "swiss"]
[EventCountry "GEO"]
[SourceTitle "playchess.com"]
[Source "ChessBase"]
[SourceQuality "1"]
[TimeControl "5400+30"]

1. e4 c5 2. Nf3 e6 3. d4 cxd4 4. Nxd4 a6 5. Nc3 Qc7 6. Be2 Nf6 7. a3 b5 8. Bg5 b4 9. axb4 Bxb4 10. Bd2 Bb7 11. f3 d5 12. exd5 Nxd5 13. Nxd5 Bxd2+ 14. Qxd2 Bxd5 15. O-O O-O 16. c4 Bb7 17. Qc3 Nc6 18. Nxc6 Qxc6 19. Rad1 Rad8 20. Qe3 Rfe8 21. Rd2 Rxd2 22. Qxd2 Qb6+ 23. Kh1 Rd8 24. Bd3 Qd4 25. Rd1 Kh8 26. Qc2 e5 27. c5 Qd7 28. Be2 Qe8 29. Rxd8 Qxd8 30. c6 Bc8 31. c7 Qd7 32. Qc5 Kg8 33. Qxe5 Qe6 34. Qd4 Qd7 35. Qxd7 Bxd7 36. Bxa6 Kf8 37. c8=Q+ Bxc8 38. Bxc8 Ke7 39. Kg1 Kd6 40. Kf2 Ke5 41. Ke3 g5 42. g4 h6 43. h3 f6 44. Bb7 f5 45. Bc8 fxg4 46. hxg4 Kd5 47. f4 Kc4 48. fxg5 hxg5 49. Ke4 Kb3 50. Kf5 Kxb2 51. Kxg5 Kc3 52. Kf6 Kd4 53. g5 Kd5 54. g6 Kc6 55. g7 Kd5 56. g8=Q+ Kd4 57. Qe6 Kc5 58. Ke5 Kb4 59. Kd4 Kb5 60. Bd7+ Kb4 61. Qc4+ Ka5 1-0

[Event "FIDE World Cadets GU10 2022"]
[Site "Batumi"]
[Date "2022.09.16"]
[Round "1"]
[White "Alessi, Clio"]
[Black "Gulishyan, Eseniya"]
[Result "0-1"]
[ECO "B01"]
[WhiteElo "1413"]
[BlackElo "1138"]
[Annotator "NA COMBH"]
[PlyCount "56"]
[EventDate "2022.09.16"]
[EventType "swiss"]
[EventCountry "GEO"]
[SourceTitle "playchess.com"]
[Source "ChessBase"]
[SourceQuality "1"]
[TimeControl "5400+30"]

1. e4 d5 2. exd5 Qxd5 3. Nc3 Qd6 4. Nf3 c6 5. d4 Nf6 6. Be3 Bg4 7. h3 Bh5 8. g4 Bg6 9. Bg2 Nbd7 10. Qd2 e6 11. O-O-O Qc7 12. Bf4 Bd6 13. Bxd6 Qxd6 14. g5 Nd5 15. h4 h6 16. h5 Bh7 17. gxh6 gxh6 18. Qxh6 O-O-O 19. Qd2 N7b6 20. Ne5 Rhf8 21. Nxd5 cxd5 22. Qc3+ Kb8 23. Rh3 Rc8 24. Qg3 Rxc2+ 25. Kb1 Rd2+ 26. Nd3 Qxg3 27. Rxg3 Rxd1+ 28. Kc2 Rxd3 0-1

[Event "FIDE World Cadets GU10 2022"]
[Site "Batumi"]
[Date "2022.09.16"]
[Round "1"]
[White "Ejsymont, Blanka"]
[Black "Varon, Alma"]
[Result "1-0"]
[ECO "B45"]
[WhiteElo "1410"]
[BlackElo "1130"]
[Annotator "NA COMBH"]
[PlyCount "75"]
[EventDate "2022.09.16"]
[EventType "swiss"]
[EventCountry "GEO"]
[SourceTitle "playchess.com"]
[Source "ChessBase"]
[SourceQuality "1"]
[TimeControl "5400+30"]

1. e4 c5 2. Nf3 e6 3. d4 cxd4 4. Nxd4 Nf6 5. Nc3 Nc6 6. Ndb5 d6 7. Bg5 Be7 8. Be2 O-O 9. Bxf6 Bxf6 10. Qxd6 Bxc3+ 11. bxc3 Qxd6 12. Nxd6 Rd8 13. Nc4 b6 14. O-O Bb7 15. Rad1 Rac8 16. Nd6 Rc7 17. Nxb7 Rxb7 18. Bb5 Rbd7 19. Rxd7 Rxd7 20. Bxc6 Rc7 21. Rd1 g6 22. Ba4 Rxc3 23. Bb3 Rc7 24. f3 a5 25. a4 Rc6 26. Kf2 Kg7 27. Ke3 Kf6 28. Rd4 h6 29. Rc4 Rd6 30. Rd4 Rc6 31. f4 g5 32. g3 Kg6 33. e5 Kf5 34. Rc4 Rxc4 35. Bxc4 Kg4 36. Bf1 Kf5 37. h3 g4 38. Bd3# 1-0

[Event "FIDE World Cadets GU10 2022"]
[Site "Batumi"]
[Date "2022.09.16"]
[Round "1"]
[White "Kharitonova, Viktoriia"]
[Black "Meshkova, Aleksandra"]
[Result "0-1"]
[ECO "C48"]
[WhiteElo "1403"]
[BlackElo "1116"]
[Annotator "NA COMBH"]
[PlyCount "105"]
[EventDate "2022.09.16"]
[EventType "swiss"]
[EventCountry "GEO"]
[SourceTitle "playchess.com"]
[Source "ChessBase"]
[SourceQuality "1"]
[TimeControl "5400+30"]

1. e4 e5 2. Nf3 Nf6 3. Nc3 Nc6 4. Bb5 Bd6 5. d3 O-O 6. Ba4 h6 7. g4 Nh7 8. h4 a6 9. g5 h5 10. Bb3 g6 11. a3 Bc5 12. Nd5 d6 13. Be3 Ba7 14. Qd2 a5 15. c3 Kh8 16. d4 b5 17. Rd1 Bg4 18. Nh2 Bxd1 19. Kxd1 Ne7 20. f4 exf4 21. Bxf4 Nxd5 22. Bxd5 Rb8 23. Nf3 Qd7 24. Rf1 c6 25. Ba2 Rb7 26. d5 c5 27. e5 Bb8 28. Re1 Qg4 29. Qe3 Re8 30. e6 Nf8 31. Kc2 Rbe7 32. Nh2 Qf5+ 33. Kc1 fxe6 34. c4 exd5 35. Qc3+ d4 36. Rxe7 dxc3 37. Rxe8 Qxf4+ 38. Kb1 cxb2 39. Kxb2 Qxh2+ 40. Kb1 Qg1+ 41. Kb2 Qf2+ 42. Kb1 Bc7 43. cxb5 Qf1+ 44. Kb2 Qxb5+ 45. Ka1 Qxe8 46. Kb2 Ne6 47. Bxe6 Qxe6 48. a4 d5 49. Kc1 c4 50. Kd2 Bf4+ 51. Kc2 d4 52. Kd1 Qe3 53. Kc2 0-1

[Event "FIDE World Cadets GU10 2022"]
[Site "Batumi"]
[Date "2022.09.16"]
[Round "1"]
[White "Sabyrbekova, Aizhan"]
[Black "Bassari, Senem Gul"]
[Result "0-1"]
[ECO "B99"]
[WhiteElo "1164"]
[BlackElo "1536"]
[Annotator "NA COMBH"]
[PlyCount "74"]
[EventDate "2022.09.16"]
[EventType "swiss"]
[EventCountry "GEO"]
[SourceTitle "playchess.com"]
[Source "ChessBase"]
[SourceQuality "1"]
[TimeControl "5400+30"]

1. e4 c5 2. Nf3 d6 3. d4 cxd4 4. Nxd4 Nf6 5. Nc3 a6 6. Bg5 e6 7. f4 h6 8. Bh4 Be7 9. Qf3 Qc7 10. Be2 Nbd7 11. O-O-O b5 12. e5 Bb7 13. exf6 Bxf3 14. Bxf3 Rc8 15. fxe7 Nf6 16. Rhe1 d5 17. g3 b4 18. Nb1 a5 19. Rd2 Qd6 20. Bxf6 gxf6 21. f5 e5 22. Nb3 d4 23. Nxa5 Qb6 24. Nb3 Qa6 25. Be2 Qa4 26. Bd3 Rc7 27. Red1 Kd7 28. Be4 Kxe7 29. Bd5 Rhc8 30. Be4 Qxa2 31. Re1 Qxb3 32. Ree2 Kf8 33. Bd3 Qa4 34. Be4 b3 35. c3 dxc3 36. Nxc3 Qa1+ 37. Bb1 Rxc3+ 0-1

[Event "FIDE World Cadets GU10 2022"]
[Site "Batumi"]
[Date "2022.09.16"]
[Round "1"]
[White "Xikmatkhonova, Mokhinur"]
[Black "Venskaya, Nika"]
[Result "0-1"]
[ECO "B08"]
[WhiteElo "1158"]
[BlackElo "1470"]
[Annotator "NA COMBH"]
[PlyCount "60"]
[EventDate "2022.09.16"]
[EventType "swiss"]
[EventCountry "GEO"]
[SourceTitle "playchess.com"]
[Source "ChessBase"]
[SourceQuality "1"]
[TimeControl "5400+30"]

1. d4 Nf6 2. Nc3 g6 3. Nf3 Bg7 4. e4 d6 5. Be3 c6 6. Bd3 Ng4 7. O-O O-O 8. h3 Nxe3 9. fxe3 e5 10. dxe5 dxe5 11. Bc4 Qb6 12. Qc1 Qc5 13. Bb3 Bh6 14. Nd1 Nd7 15. Re1 b5 16. Nf2 Qe7 17. Qd2 Nf6 18. Rad1 Qc5 19. Re2 a5 20. a3 Nh5 21. Ng4 Bxg4 22. hxg4 Ng3 23. Ree1 Nxe4 24. Qd3 Ng5 25. Nd2 Qe7 26. Rf1 Bg7 27. Ne4 Rad8 28. Nd6 e4 29. Qd2 Be5 30. Bxf7+ Nxf7 0-1

[Event "FIDE World Cadets GU10 2022"]
[Site "Batumi"]
[Date "2022.09.16"]
[Round "1"]
[White "Torun, Selin"]
[Black "Artamonova, Ulyana"]
[Result "1/2-1/2"]
[ECO "A12"]
[WhiteElo "1156"]
[BlackElo "1449"]
[Annotator "NA COMBH"]
[PlyCount "78"]
[EventDate "2022.09.16"]
[EventType "swiss"]
[EventCountry "GEO"]
[SourceTitle "playchess.com"]
[Source "ChessBase"]
[SourceQuality "1"]
[TimeControl "5400+30"]

1. c4 c6 2. Nf3 d5 3. b3 Nf6 4. Bb2 g6 5. d3 Bg7 6. Nbd2 O-O 7. g3 Qb6 8. Rb1 Ng4 9. e3 Bxb2 10. Rxb2 Nf6 11. h3 Qb4 12. Bg2 dxc4 13. dxc4 Bf5 14. O-O Na6 15. Qe2 Nc5 16. Ne1 Rfd8 17. e4 Be6 18. f4 Qc3 19. Nb1 Qd4+ 20. Kh2 Ncxe4 21. Nf3 Qd3 22. Qe1 Qd7 23. Re2 Nd6 24. Ng5 Nf5 25. Nxe6 fxe6 26. Rxe6 Kf7 27. Re2 Qc7 28. Nd2 Nd4 29. Ref2 Kg7 30. Nf3 Nxf3+ 31. Rxf3 Qd6 32. Qe5 Rf8 33. Qxd6 exd6 34. Rd3 Rad8 35. Rfd1 Ne8 36. Re1 Rf7 37. b4 Nc7 38. Red1 Rfd7 39. a4 a6 1/2-1/2

[Event "FIDE World Cadets GU10 2022"]
[Site "Batumi"]
[Date "2022.09.16"]
[Round "1"]
[White "Berikkyzy, Aiaru"]
[Black "Siskou, Evangelia"]
[Result "0-1"]
[ECO "C54"]
[WhiteElo "1152"]
[BlackElo "1421"]
[Annotator "NA COMBH"]
[PlyCount "120"]
[EventDate "2022.09.16"]
[EventType "swiss"]
[EventCountry "GEO"]
[SourceTitle "playchess.com"]
[Source "ChessBase"]
[SourceQuality "1"]
[TimeControl "5400+30"]

1. e4 e5 2. Nf3 Nc6 3. Bc4 Bc5 4. c3 Nf6 5. d4 exd4 6. e5 d5 7. Bb5 Ne4 8. cxd4 Bb6 9. O-O O-O 10. Nc3 a6 11. Bxc6 bxc6 12. Re1 Bf5 13. Bf4 c5 14. Rc1 cxd4 15. Nxd4 Nxc3 16. bxc3 Be6 17. Re3 c5 18. Nxe6 fxe6 19. Qg4 Qe7 20. Bg5 Qf7 21. Rf3 Qg6 22. Rg3 Qf5 23. Qxf5 Rxf5 24. Bf6 g6 25. Rb1 Bc7 26. Re3 Rf4 27. Rb7 Rb8 28. Rxb8+ Bxb8 29. f3 Kf7 30. Kf2 Ra4 31. Re2 Bc7 32. Rb2 Ke8 33. g3 c4 34. Ke3 Ra3 35. Kd4 Rxa2 36. Rb1 Kd7 37. h4 Kc6 38. Bg5 Bb6+ 39. Rxb6+ Kxb6 40. Bd8+ Kb5 41. Bg5 a5 42. g4 a4 43. Bc1 a3 44. f4 Rd2+ 45. Ke3 a2 46. Kxd2 a1=Q 47. f5 Qa2+ 48. Ke3 gxf5 49. gxf5 exf5 50. e6 Qc2 51. e7 Qxc1+ 52. Ke2 Qc2+ 53. Kf1 Qe4 54. h5 Qxe7 55. h6 f4 56. Kf2 Qe3+ 57. Kf1 Qd2 58. Kg1 Qe2 59. Kh1 f3 60. Kg1 Qg2# 0-1

[Event "FIDE World Cadets GU10 2022"]
[Site "Batumi"]
[Date "2022.09.16"]
[Round "1"]
[White "Ramakrishnan, Veda"]
[Black "Chovanec, Alice"]
[Result "0-1"]
[ECO "B42"]
[WhiteElo "1140"]
[BlackElo "1414"]
[Annotator "NA COMBH"]
[PlyCount "84"]
[EventDate "2022.09.16"]
[EventType "swiss"]
[EventCountry "GEO"]
[SourceTitle "playchess.com"]
[Source "ChessBase"]
[SourceQuality "1"]
[TimeControl "5400+30"]

1. e4 c5 2. Nf3 e6 3. d4 cxd4 4. Nxd4 a6 5. Bd3 Qc7 6. O-O Nf6 7. Bg5 Nc6 8. c3 Bc5 9. Nxc6 dxc6 10. Nd2 Bd7 11. Nb3 Ba7 12. Qf3 O-O-O 13. Bxf6 gxf6 14. Qxf6 c5 15. Be2 Bc6 16. f3 c4+ 17. Kh1 cxb3 18. axb3 Bb8 19. g3 h5 20. Qh4 Rdg8 21. Rg1 Ba7 22. Rg2 Be3 23. Bc4 Bg5 24. Qh3 Bd7 25. Rgg1 e5 26. Qf1 Be3 27. Rg2 Bh3 28. Qe2 Bxg2+ 29. Kxg2 Bb6 30. Rd1 Rd8 31. Bd5 f6 32. c4 Qc5 33. Qd2 Qe3 34. Qc2 h4 35. Be6+ Kb8 36. Rxd8+ Rxd8 37. Bd5 Qg1+ 38. Kh3 hxg3 39. hxg3 Bf2 40. Kg4 Qxg3+ 41. Kf5 Rd6 42. Qc3 Qg5# 0-1

[Event "FIDE World Cadets GU10 2022"]
[Site "Batumi"]
[Date "2022.09.16"]
[Round "1"]
[White "Advika, Vinai"]
[Black "Wadhwa, Ananya"]
[Result "1-0"]
[ECO "B74"]
[WhiteElo "1133"]
[BlackElo "1411"]
[Annotator "NA COMBH"]
[PlyCount "123"]
[EventDate "2022.09.16"]
[EventType "swiss"]
[EventCountry "GEO"]
[SourceTitle "playchess.com"]
[Source "ChessBase"]
[SourceQuality "1"]
[TimeControl "5400+30"]

1. e4 c5 2. Nf3 d6 3. d4 cxd4 4. Nxd4 Nf6 5. Nc3 g6 6. Be3 Bg7 7. Be2 O-O 8. O-O Nc6 9. Nb3 a6 10. f4 b5 11. a3 Bb7 12. Bf3 Rc8 13. g4 b4 14. axb4 Nxb4 15. Qd2 d5 16. e5 Nd7 17. Ra4 Nc6 18. Bxd5 Nb6 19. Bxb6 Qxb6+ 20. Qf2 Qc7 21. Nc5 e6 22. Bg2 Nxe5 23. Nxb7 Nxg4 24. Qf3 Qb6+ 25. Kh1 Ne3 26. Qf2 Qxb2 27. Qxe3 Rxc3 28. Qc1 Qb5 29. Ra3 Rc7 30. Rb3 Qf5 31. c4 Bh6 32. Rh3 Bg7 33. Ra3 Bh6 34. Rxa6 e5 35. Nd6 Qg4 36. Ne4 Qh4 37. Nf6+ Kg7 38. Qc3 Bxf4 39. h3 Rfc8 40. Bd5 Rb8 41. Ne4 Rd8 42. Nd6 Bg3 43. Bg2 Rcd7 44. c5 Rc7 45. Qa5 Rcd7 46. Ra7 Bf4 47. Rxd7 Rxd7 48. Qc3 Ra7 49. c6 Qd8 50. Nb5 Ra8 51. Rxf4 Qd1+ 52. Rf1 Qe2 53. Nd6 Ra2 54. Qf3 Qd2 55. Qxf7+ Kh6 56. Qf8+ Kh5 57. Qf3+ Kh6 58. Nf7+ Kg7 59. Qf6+ Kf8 60. Nd6+ Kg8 61. Qf7+ Kh8 62. Qf8# 1-0

[Event "FIDE World Cadets GU10 2022"]
[Site "Batumi"]
[Date "2022.09.16"]
[Round "1"]
[White "Chiokadze, Barbare"]
[Black "Pehlivanova, Aleksandra"]
[Result "0-1"]
[ECO "A57"]
[WhiteElo "1120"]
[BlackElo "1406"]
[Annotator "NA COMBH"]
[PlyCount "116"]
[EventDate "2022.09.16"]
[EventType "swiss"]
[EventCountry "GEO"]
[SourceTitle "playchess.com"]
[Source "ChessBase"]
[SourceQuality "1"]
[TimeControl "5400+30"]

1. d4 Nf6 2. c4 c5 3. d5 b5 4. cxb5 a6 5. b6 e6 6. Nc3 Nxd5 7. Nxd5 exd5 8. Qxd5 Nc6 9. Nf3 Rb8 10. Ne5 Qf6 11. Nxc6 dxc6 12. Qe4+ Be7 13. e3 Bf5 14. Qf3 Rxb6 15. Qf4 O-O 16. Be2 Bd6 17. Qa4 Be5 18. Qa5 Rxb2 19. Qxa6 Bc3+ 20. Kf1 Rxe2 21. Qxe2 Bxa1 22. Ba3 Qc3 23. Qd1 Bd3+ 24. Kg1 Qxa3 25. h3 Bf6 26. Qd2 Qc3 27. Qxc3 Bxc3 28. Kh2 h6 29. Rd1 c4 30. Rc1 Bb2 31. Rd1 c3 32. Rxd3 c2 33. Rb3 c1=Q 34. a4 Ra8 35. Rb4 c5 36. Re4 Qc2 37. Rg4 Rxa4 38. Rxa4 Qxa4 39. Kg3 g5 40. Kh2 Qc2 41. Kg3 h5 42. Kf3 f5 43. Kg3 h4+ 44. Kf3 Qe4+ 45. Ke2 Qxg2 46. Kd3 Qxf2 47. e4 fxe4+ 48. Kxe4 Qf4+ 49. Kd5 c4 50. Kc5 c3 51. Kd5 c2 52. Kc5 c1=Q+ 53. Kd5 Qd4+ 54. Ke6 Qce3+ 55. Kf5 Qf6+ 56. Kg4 Qef4+ 57. Kh5 Qf7+ 58. Kh6 Qh7# 0-1